 Dungeon Crawl Stone Soup version 0.25-a0-458-g6fc7858b95 (webtiles) character file.

Game seed: 12902672322894933255, levelgen mode: deterministic

646327 nuthulu the Slayer (level 27, -6/189 HPs)
             Began as a Gargoyle Fighter on Jan 31, 2020.
             Was a High Priest of the Shining One.
             Mangled by a reaper
             ... wielding a +2 scythe of freezing
             ... summoned by a greater mummy's death curse
              (18 damage)
             ... on level 2 of the Tomb of the Ancients on Feb 1, 2020.
             The game lasted 02:32:02 (61880 turns).

nuthulu the Slayer (Gargoyle Fighter)              Turns: 61880, Time: 02:32:03

Health: -6/189     AC: 62    Str: 36    XL:     27
Magic:  12/33      EV: 18    Int: 12    God:    the Shining One [*****.]
Gold:   2868       SH: 18    Dex: 14    Spells: 26/26 levels left

rFire    + + +     SeeInvis .   o - +9 sacred scourge (holy)
rCold    + + +     Gourm    .   B - +0 shield of Dokkug {Str+5}
rNeg     + + +     Faith    +   N - +4 gold dragon scales
rPois    ∞         Spirit   .   M - +0 hat {MR+}
rElec    +         Reflect  .   K - +2 cloak
rCorr    .         Harm     .   l - +2 pair of gloves of the Gloaming {rElec rF+}
MR       +++++                  J - +3 pair of boots of Responsibility {rC+++ Regen+ Str+4}
Stlth    ..........             E - amulet of faith
HPRegen  0.81/turn              i - ring "Evimmodd" {rPois MR++}
MPRegen  0.23/turn              x - ring "Hero's Friend" {+Fly rF+ rC+}

@: flying, very slightly contaminated, starving, glowing, studying Staves
A: big wings, clever 1, low mp 1, negative energy resistance 1, electricity
resistance, unbreathing, petrification resistance, rot immunity, subdued magic
1, AC +20
}: 5/15 runes: serpentine, barnacled, slimy, silver, abyssal
a: Stop Flying, Divine Shield, Cleansing Flame, Summon Divine Warrior, Renounce
Religion


You were on level 2 of the Tomb of the Ancients.
You worshipped the Shining One.
The Shining One was extremely pleased with you.
You were starving.

You visited 11 branches of the dungeon, and saw 52 of its levels.
You visited the Abyss 2 times.
You visited 1 bazaar.
You also visited: Ice Cave.

You collected 6041 gold pieces.
You spent 3173 gold pieces at shops.

Inventory:

Hand Weapons
 e - the +7 eveningstar "Cagac" {flame, MP+9 Str-2 Dex+4 SInv}
   (Okawaru gifted it to you on level 1 of the Lair of Beasts)

   It has been specially enchanted to burn those struck by it, causing extra
   injury to most foes and up to half again as much damage against particularly
   susceptible opponents.
   It affects your strength (-2).
   It affects your dexterity (+4).
   It affects your magic capacity (+9).
   It lets you see invisible.
 o - a +9 sacred scourge of holy wrath (weapon)
 D - the +5 morningstar "Qasurcho" {freeze, Str+3}
   (Okawaru gifted it to you on level 5 of the Lair of Beasts)

   It has been specially enchanted to freeze those struck by it, causing extra
   injury to most foes and up to half again as much damage against particularly
   susceptible opponents.
   It can also slow down cold-blooded creatures.
   It affects your strength (+3).
 Z - the +5 morningstar "Feuwo" {vorpal, rElec Int+6}
   (Okawaru gifted it to you on level 4 of the Shoals)

   It inflicts extra damage upon your enemies.
   It affects your intelligence (+6).
   It insulates you from electricity.
Missiles
 y - 8 throwing nets (quivered)
Armour
 c - a +0 large shield of fire resistance
 l - the +2 pair of gloves of the Gloaming (worn) {rElec rF+}
   (Okawaru gifted it to you on level 1 of the Vaults)

   It protects you from fire.
   It insulates you from electricity.
   If you remove this armour, your AC will fall 4 points (62 -> 58)
 t - a +2 pair of boots of running
 B - the +0 shield of Dokkug (worn) {Str+5}
   (Okawaru gifted it to you on level 4 of the Shoals)

   It affects your strength (+5).
   If you remove this armour, your AC will rise 0 points (62 -> 62)
 F - the +10 plate armour of Daisies {Dex+2}
   (You found it on level 10 of the Dungeon)

   It affects your dexterity (+2).
   If you switch to wearing this armour, your AC will rise 2 points (62 -> 64)
 J - the +3 pair of boots of Responsibility (worn) {rC+++ Regen+ Str+4}
   (You found it on level 4 of the Lair of Beasts)

   It affects your strength (+4).
   It renders you almost immune to cold.
   It increases your rate of regeneration.
   If you remove this armour, your AC will fall 5 points (62 -> 57)
 K - a +2 cloak (worn)
 M - a +0 hat of magic resistance (worn)
 N - +4 gold dragon scales (worn)
Jewellery
 i - the ring "Evimmodd" (left hand) {rPois MR++}
   (You found it on level 5 of the Pits of Slime)

   [ring of poison resistance]

   It protects you from poison.
   It affects your resistance to hostile enchantments.
 v - an uncursed ring of resist corrosion
 x - the ring "Hero's Friend" (right hand) {+Fly rF+ rC+}
   (You found it on level 2 of the Depths)

   [ring of protection from fire]

   It protects you from fire.
   It protects you from cold.
   It lets you fly.
 E - an amulet of faith (around neck)
 I - the ring of Temptation {rF+ Int+3}
   (You found it on level 3 of the Crypt)

   [ring of protection from fire]

   It affects your intelligence (+3).
   It protects you from fire.
 O - the ring of Brilliance {rPois rN+ Int+7 SInv Stlth-}
   (You found it on level 3 of the Crypt)

   [ring of positive energy]

   It affects your intelligence (+7).
   It protects you from poison.
   It protects you from negative energy.
   It lets you see invisible.
   It makes you less stealthy.
 P - the ring of the Bruised Continents {rElec rF++ rC- rN+ Stlth+}
   (You found it on level 2 of the Shoals)

   [ring of stealth]

   It greatly protects you from fire.
   It makes you vulnerable to cold.
   It insulates you from electricity.
   It protects you from negative energy.
   It makes you more stealthy.
Wands
 g - a wand of digging (27)
 s - a wand of flame (134)
 C - a wand of paralysis (13)
 U - a wand of scattershot (9)
 X - a wand of iceblast (16)
 Y - a wand of enslavement (20)
Scrolls
 a - a scroll of blinking
 j - 7 scrolls of amnesia
 q - 30 scrolls of remove curse
 r - 5 scrolls of brand weapon
 w - 17 scrolls of teleportation
 G - 11 scrolls of magic mapping
 Q - 5 scrolls of fear
 S - 6 scrolls of fog
 V - a scroll of silence
Potions
 d - 4 potions of might
 h - 8 potions of brilliance
 k - 7 potions of agility
 m - 7 potions of curing
 n - 10 potions of lignification
 p - 3 potions of haste
 z - 9 potions of cancellation
 H - 4 potions of resistance
 L - a potion of berserk rage
 T - 2 potions of mutation
Books
 b - a manual of Staves
Comestibles
 f - 49 rations


   Skills:
 + Level 23.8 Fighting
 - Level 16.0 Maces & Flails
 - Level 22.6 Armour
 - Level 18.5 Dodging
 - Level 20.4 Shields
 + Level 20.2 Invocations


You had 26 spell levels left.
You didn't know any spells.
Your spell library contained the following spells:

 Spells                   Type           Power        Failure   Level  Hunger
 Animate Skeleton         Necr           N/A          86%         1    ##.....
 Apportation              Tloc           #.....       86%         1    ##.....
 Beastly Appendage        Tmut           #.....       86%         1    ##.....
 Corona                   Hex            #......      86%         1    ##.....
 Foxfire                  Conj/Fire      #...         86%         1    ##.....
 Freeze                   Ice            #...         86%         1    ##.....
 Infusion                 Chrm           #...         86%         1    ##.....
 Magic Dart               Conj           #...         86%         1    ##.....
 Sandblast                Erth           #.....       86%         1    ##.....
 Sting                    Tmut/Pois      #...         86%         1    ##.....
 Summon Small Mammal      Summ           #...         86%         1    ##.....
 Blink                    Tloc           N/A          95%         2    ###....
 Ensorcelled Hibernation  Hex/Ice        #.....       95%         2    ###....
 Passwall                 Tmut/Erth      #.......     95%         2    ###....
 Poisonous Vapours        Pois/Air       #.....       95%         2    ###....
 Searing Ray              Conj           #.....       95%         2    ###....
 Shroud of Golubria       Chrm/Tloc      #.....       95%         2    ###....
 Song of Slaying          Chrm           #.......     95%         2    ###....
 Sticks to Snakes         Tmut           #.......     95%         2    ###....
 Swiftness                Chrm/Air       #.......     95%         2    ###....
 Conjure Flame            Conj/Fire      #.......     99%         3    ####...
 Dazzling Flash           Conj/Hex       #.....       99%         3    ####...
 Gell's Gravitas          Tloc           #.........   99%         3    ####...
 Ignite Poison            Fire/Tmut/Pois #.......     99%         3    ####...
 Inner Flame              Hex/Fire       #.......     99%         3    ####...
 Lesser Beckoning         Tloc           #.........   99%         3    ####...
 Mephitic Cloud           Conj/Pois/Air  #.......     99%         3    ####...
 Ozocubu's Armour         Chrm/Ice       #.......     99%         3    ####...
 Portal Projectile        Hex/Tloc       #.....       99%         3    ####...
 Recall                   Summ/Tloc      N/A          99%         3    ####...
 Spectral Weapon          Hex/Chrm       #.......     99%         3    ####...
 Spider Form              Tmut/Pois      #.........   99%         3    ####...
 Stone Arrow              Conj/Erth      #.....       99%         3    ####...
 Teleport Other           Tloc           #.......     99%         3    ####...
 Tukima's Dance           Hex            #.......     99%         3    ####...
 Vampiric Draining        Necr           #.........   99%         3    ####...
 Animate Dead             Necr           N/A          100%        4    #####..
 Cause Fear               Hex            #.........   100%        4    #####..
 Dispel Undead            Necr           #.......     100%        4    #####..
 Fulminant Prism          Conj/Hex       #.........   100%        4    #####..
 Ice Form                 Ice/Tmut       #.......     100%        4    #####..
 Iskenderun's Mystic Bla  Conj/Tloc      #.......     100%        4    #####..
 Leda's Liquefaction      Hex/Erth       #.........   100%        4    #####..
 Olgreb's Toxic Radiance  Pois           #.......     100%        4    #####..
 Passage of Golubria      Tloc           N/A          100%        4    #####..
 Petrify                  Tmut/Erth      #.......     100%        4    #####..
 Sticky Flame             Conj/Fire      #.......     100%        4    #####..
 Summon Lightning Spire   Summ/Air       #.......     100%        4    #####..
 Aura of Abjuration       Summ           #.........   100%        5    ######.
 Blade Hands              Tmut           #.........   100%        5    ######.
 Bolt of Magma            Conj/Fire/Erth #.........   100%        5    ######.
 Borgnjor's Vile Clutch   Necr/Erth      #.........   100%        5    ######.
 Excruciating Wounds      Chrm/Necr      #.........   100%        5    ######.
 Fireball                 Conj/Fire      #.........   100%        5    ######.
 Irradiate                Conj/Tmut      #.........   100%        5    ######.
 Iskenderun's Battlesphe  Conj/Chrm      #.......     100%        5    ######.
 Lee's Rapid Deconstruct  Erth           #.........   100%        5    ######.
 Metabolic Englaciation   Hex/Ice        #.........   100%        5    ######.
 Silence                  Hex/Air        #.........   100%        5    ######.
 Summon Demon             Summ           #.........   100%        5    ######.
 Summon Forest            Summ/Tloc      #.........   100%        5    ######.
 Summon Mana Viper        Hex/Summ       #.......     100%        5    ######.
 Conjure Ball Lightning   Conj/Air       #.........   100%        6    #######
 Darkness                 Hex            #.........   100%        6    #######
 Death Channel            Necr           #.........   100%        6    #######
 Deflect Missiles         Chrm/Air       #.........   100%        6    #######
 Eringya's Noxious Bog    Tmut/Pois      #.........   100%        6    #######
 Freezing Cloud           Conj/Ice/Air   #.........   100%        6    #######
 Hydra Form               Tmut           #.........   100%        6    #######
 Invisibility             Hex            #.......     100%        6    #######
 Iron Shot                Conj/Erth      #.........   100%        6    #######
 Ozocubu's Refrigeration  Ice            #.........   100%        6    #######
 Shadow Creatures         Summ           N/A          100%        6    #######
 Simulacrum               Ice/Necr       #.........   100%        6    #######
 Dragon Form              Tmut           #.........   100%        7    #######
 Orb of Destruction       Conj           #.........   100%        7    #######
 Ring of Flames           Chrm/Fire      #.........   100%        7    #######
 Spellforged Servitor     Conj/Summ      #.........   100%        7    #######
 Discord                  Hex            #.........   100%        8    #######
 Dragon's Call            Summ           #.........   100%        9    #######
 Tornado                  Air            #.........   100%        9    #######
 Sublimation of Blood     Necr           Unusable     N/A         2    N/A
 Statue Form              Tmut/Erth      Unusable     N/A         6    N/A

Dungeon Overview and Level Annotations

Branches:
Dungeon (15/15)            Temple (1/1) D:5            Lair (6/6) D:10
 Shoals (4/4) Lair:2        Snake (4/4) Lair:2        Slime (5/5) Lair:5
    Orc (2/2) D:11            Elf (0/3) Orc:2        Vaults (5/5) D:13
  Crypt (3/3) Vaults:2       Tomb (2/3) Crypt:3      Depths (5/5) D:15
    Zot (0/5) Depths:5      IceCv (visited)

Altars:
Ashenzari
Cheibriados
Dithmenos
Elyvilon
Fedhas
Gozag
Hepliaklqana
Kikubaaqudgha
Makhleb
Nemelex Xobeh
Okawaru
Qazlal
Ru
Sif Muna
Trog
Uskayaw
Vehumet
Wu Jian
Xom
Yredelemnul
Zin
The Shining One
Beogh
Jiyva

Shops:
D:7 :   D:8 *   D:11 *   D:12 (   Orc:2 ([*=   Snake:4 !   Vaults:1 :**[
Depths:4 }

Portals:
Hell: Depths:1 Depths:2 Depths:3 Depths:4 Depths:5
Abyss: Depths:1 Depths:4
Pandemonium: Depths:2 Depths:4 Depths:5
Ziggurat: Depths:1

Annotations:
D:13 exclusion: obsidian statue
Vaults:2 exclusion: orange crystal statue


Innate Abilities, Weirdness & Mutations

You are resistant to torment.
Your stone body is resilient. (AC +20)
You are immune to poison.
Your large and strong wings let you fly indefinitely.
You resist negative energy. (rN+)
You are resistant to electric shocks. (rElec)
You can survive without breathing.
You are immune to petrification.
You are immune to rotting.
Your mind is acute. (Int +2)
Your magical capacity is low. (-10% MP)
Your spells are a little easier to cast, but a little less powerful.


Message History

Unknown command.
The golden flame engulfs you but does no damage.
The golden flame engulfs the emperor scorpion!!
The emperor scorpion is almost dead.
The golden flame engulfs the emperor scorpion!!
The emperor scorpion is almost dead.
The golden flame engulfs the emperor scorpion!
The emperor scorpion is lightly wounded.
The golden flame engulfs the reaper!!
The reaper writhes in agony!
The reaper is severely wounded.
You are starving!
The greater mummy struggles against the net.
The emperor scorpion closely misses you.
You block the emperor scorpion's attack.
The emperor scorpion misses you.
You block the emperor scorpion's attack.
The emperor scorpion barely misses you.
The emperor scorpion closely misses you.
The reaper hits you with a +2 scythe of freezing!!
You die...

#.....Z..W......#
##.....M.......#
#.....ZM.b4ZM4##..
..........nssss....
.........§.ssM.....
###########M#######
#!...Λ#Λ..#
#ss(w^V.*.#
#@s..^#...#
#.2...#...#
###########


You could see a greater mummy (caught), an eldritch tentacle, 8 emperor
scorpions, a reaper, a red devil, a mummy and a shadow dragon zombie.

Vanquished Creatures
  the Royal Jelly (Slime:5)
  Khufu (Tomb:2)
  Mara (Vaults:5)
  An ancient lich (Depths:2)
  The ghost of bmfx the Warrior, a veteran OgAE of Nemelex Xobeh (Depths:2)
  A juggernaut (Depths:4)
  6 greater mummies
  Bai Suzhen (Shoals:4)
  Vashnia (Snake:4)
  Frederick (Depths:4)
  A caustic shrike (Depths:4)
  Margery (Vaults:3)
  Xtahua (Vaults:4)
  Saint Roka (Vaults:2)
  5 golden dragons
  A bone dragon (Depths:5)
  Jory (Vaults:2)
  Nikola (Vaults:3)
  A Hell Sentinel (Abyss:4)
  9 liches
  6 tentacled monstrosities
  3 deep elf blademasters
  10 titans
  5 deep elf master archers
  3 quicksilver dragons
  30 acid blobs
  A kraken (Shoals:4)
  10 sphinxes
  4 ancient champions
  2 tentacled starspawn (Abyss:4)
  Frances (D:13)
  The ghost of Killmatronix the Bludgeoner, a journeyman OgGl of Okawaru (D:13)
  Donald (Vaults:3)
  A storm dragon (Vaults:5)
  6 shadow dragons
  9 tengu reavers
  A daeva (Abyss:4)
  2 revenants
  Ilsuiw (Shoals:4)
  22 azure jellies
  8 nagarajas (Snake:4)
  17 fire giants
  2 iron dragons (Depths:4)
  Aizul (Vaults:2)
  A draconian scorcher (Depths:5)
  24 frost giants
  2 orc warlords
  3 deep elf sorcerers
  A balrug (Abyss:4)
  12 ghouls
  2 deep elf elementalists
  9 vault wardens
  A draconian stormcaller (Abyss:4)
  2 curse skulls
  2 draconian annihilators (Depths:5)
  Louise (D:14)
  19 ironheart preservers
  A reaper (Depths:4)
  6 spriggan defenders
  23 very ugly things
  An entropy weaver (Vaults:4)
  15 vampire knights
  4 bennus
  27 stone giants
  2 deep elf demonologists
  A black draconian (Crypt:3)
  62 slime creatures
  5 spark wasps
  2 lorocyprocas
  A green draconian (Crypt:2)
  2 white draconians
  4 red draconians
  The ghost of Ymuik the Nimble, a journeyman SpBe of Trog (Depths:2)
  The ghost of Quigu Zupne the Nimble, a journeyman SpBe of Trog (Depths:2)
  5 deep elf annihilators
  5 yellow draconians
  5 eidola
  A crystal guardian (Vaults:2)
  2 deep elf death magi
  29 ettins
  Snorg (D:14)
  Josephine (D:13)
  8 merfolk javelineers
  9 mummy priests
  A deep elf high priest (Vaults:5)
  12 merfolk impalers
  17 death oozes
  14 fire dragons
  11 jiangshi
  A quicksilver dragon zombie (Crypt:3)
  17 yaktaur captains
  13 great orbs of eyes
  2 quicksilver dragon skeletons
  A hell beast (Depths:2)
  14 naga warriors
  8 rakshasas
  8 hydras
  3 death knights
  Erolcha (D:11)
  27 vault guards
  9 ice dragons
  6 anacondas
  A caustic shrike simulacrum (Depths:2)
  10 spriggan air magi
  A merfolk avatar (Shoals:4)
  13 centaur warriors
  19 ogre magi
  48 two-headed ogres
  2 dancing weapons (Crypt:3)
  2 satyrs (shapeshifter)
  3 satyrs
  9 deep troll earth magi
  3 merfolk aquamancers
  9 tengu warriors
  7 death yaks
  7 deep troll shamans
  6 spriggan berserkers
  20 naga sharpshooters
  3 catoblepae (Lair:6)
  13 vampire magi
  3 orc high priests (Orc:2)
  3 shock serpents
  10 death scarabs (Tomb:2)
  A shock serpent (shapeshifter) (Depths:2)
  A sun demon (Depths:4)
  12 deep elf knights
  2 storm dragon zombies
  A soul eater (Crypt:1)
  18 hell knights
  A titan skeleton (Crypt:1)
  5 iron trolls
  2 deep trolls (shapeshifter) (Depths:2)
  2 salamander mystics
  3 shadow wraiths
  A ghost moth zombie (Crypt:3)
  A golden dragon zombie (Depths:2)
  16 sea snakes
  39 skeletal warriors
  2 unseen horrors
  4 glowing orange brains
  A torturous demonspawn (Depths:4)
  17 deep trolls
  A naga ritualist (Snake:4)
  17 deep elf archers
  5 flayed ghosts
  4 wizards
  A swamp dragon (shapeshifter) (Depths:5)
  An infernal demonspawn (Depths:2)
  A lindwurm (Lair:5)
  An iron giant skeleton (Crypt:1)
  A harpy (shapeshifter) (Vaults:4)
  A shadow dragon zombie (Crypt:3)
  2 wolf spider zombies
  12 ironbrand convokers
  A golden dragon skeleton (Crypt:1)
  15 necromancers
  6 mana vipers
  20 phantasmal warriors
  12 orc knights
  5 orc sorcerers
  15 harpies
  45 ugly things
  A fire giant zombie (Depths:1)
  A frost giant zombie (Crypt:3)
  5 shining eyes
  4 stone giant zombies
  21 deep elf magi
  7 wolf spiders
  10 fauns
  15 cyclopes
  23 manticores
  9 elephants
  8 salamanders
  2 ice statues (IceCv)
  5 guardian serpents
  10 naga magi
  2 rust devils
  3 draconians (Abyss:4)
  A fire giant skeleton (Depths:1)
  23 black mambas
  A guardian serpent (shapeshifter) (Vaults:2)
  3 merfolk sirens
  Psyche (D:8)
  A water nymph (shapeshifter) (Depths:4)
  An apocalypse crab (Abyss:4)
  3 stone giant skeletons
  17 vault sentinels
  A dire elephant zombie (Tomb:1)
  2 smoke demons (Depths:5)
  A gargoyle (D:15)
  6 water nymphs
  An orange demon (Depths:2)
  A catoblepas zombie (Crypt:1)
  3 eyes of devastation
  4 komodo dragons
  4 spiny frogs
  A dire elephant skeleton (Tomb:1)
  4 torpor snails (Depths:2)
  2 komodo dragons (shapeshifter)
  A yaktaur zombie (Depths:1)
  35 yaktaurs
  An alligator snapping turtle skeleton (Crypt:3)
  9 ice devils
  13 guardian mummies
  4 trolls
  A harpy zombie (Crypt:3)
  8 freezing wraiths
  6 tengu conjurers
  34 merfolk
  3 polar bears
  A death drake zombie (Crypt:3)
  9 hornets
  A raiju (shapeshifter) (Depths:1)
  A wind drake (Shoals:4)
  Prince Ribbit (D:6)
  An ice dragon zombie (Tomb:2)
  10 hippogriffs
  A blink frog (shapeshifter) (D:12)
  9 dream sheep
  A jumping spider zombie (Crypt:3)
  5 blink frogs (Lair:1)
  A meliai zombie (D:11)
  6 snapping turtles
  2 fire dragon zombies (Crypt:3)
  A stone giant simulacrum (Vaults:4)
  10 flying skulls
  Sigmund (D:5)
  3 shadows
  A centaur simulacrum (D:14)
  A redback (Vaults:4)
  A vampire (D:12)
  3 ushabtiu (Tomb:1)
  6 spriggans
  16 water elementals
  54 yaks
  4 ynoxinuls
  2 yaks (shapeshifter)
  25 wraiths
  4 wyverns
  A golden eye (Slime:5)
  2 hungry ghosts
  A steam dragon (shapeshifter) (D:15)
  A basilisk (shapeshifter) (Depths:2)
  2 human simulacra (Vaults:3)
  2 basilisks
  3 chaos spawn
  5 vampire mosquitoes (D:13)
  A harpy simulacrum (Tomb:2)
  A steam dragon (D:14)
  8 wargs
  59 nagas
  6 water moccasins
  A floating eye (Slime:5)
  5 ice beasts
  2 snapping turtle zombies
  40 orc warriors
  6 porcupines
  5 eyes of draining
  3 sky beasts
  A black bear (D:9)
  An ettin simulacrum (Vaults:3)
  A hornet zombie (D:13)
  59 ogres
  22 boggarts
  An eye of draining (shapeshifter) (Depths:5)
  3 phantoms
  17 centaurs
  4 necrophages
  2 ogres (shapeshifter)
  6 crocodiles
  A komodo dragon zombie (Crypt:2)
  A rime drake skeleton (Crypt:3)
  6 big kobolds
  15 bullfrogs
  2 wyvern zombies
  An elf skeleton (D:7)
  3 scorpions
  A troll zombie (Crypt:3)
  10 killer bees
  14 wights
  5 howler monkeys
  2 vampire bats (D:3)
  4 electric eels
  4 centaur zombies
  7 crimson imps
  3 bullfrog zombies
  7 jellies
  8 hounds
  31 orc priests
  A basilisk zombie (Crypt:3)
  5 bullfrog skeletons
  2 centaur skeletons
  4 human zombies
  4 iron imps
  Crazy Yiuf (D:3)
  Jessica (D:3)
  6 human skeletons
  An iguana (D:9)
  Terence (D:3)
  39 orc wizards
  12 worker ants
  A porcupine skeleton (Crypt:1)
  An ogre skeleton (Crypt:3)
  A crocodile skeleton (Crypt:2)
  A hound zombie (D:11)
  18 mummies
  2 worker ant zombies
  A gnoll (D:1)
  A scorpion zombie (Crypt:2)
  17 adders
  5 shadow imps
  6 white imps (IceCv)
  9 ufetubi
  6 oozes
  An adder skeleton (D:9)
  2 worms
  A leopard gecko (D:1)
  129 orcs
  An orc (shapeshifter) (Vaults:5)
  10 bats
  3 bat skeletons
  5 bat zombies (D:3)
  3 giant cockroaches (D:1)
  8 goblins
  10 hobgoblins
  5 jackals
  44 kobolds
  13 quokkas
  A ball python skeleton (Crypt:1)
  9 frilled lizards
  A leopard gecko zombie (Crypt:1)
  3 orc zombies
  A quokka zombie (D:7)
  5 rats
  2 plants
  2 tentacles (Shoals:4)
2443 creatures vanquished.

Vanquished Creatures (others)
  A fire giant (Vaults:3)
  A frost giant (Crypt:1)
  A reaper (IceCv)
  A vampire knight (Depths:2)
  An unseen horror (D:14)
  A deep elf mage (Crypt:1)
  A water nymph (Shoals:2)
  A large abomination (D:13)
  A chaos spawn (D:13)
  4 boggarts (Depths:3)
  A centaur (D:13)
  A dwarf zombie (Crypt:1)
  3 shadow imps (D:13)
  3 white imps (IceCv)
  8 ufetubi
  A ball lightning (Tomb:2)
  A barachi skeleton (Crypt:3)
  An orc (D:10)
  A hobgoblin (D:2)
  A jackal (D:2)
  A quokka (D:2)
  A frilled lizard (D:2)
  4 fungi
  9 plants
  2 starspawn tentacles (Abyss:4)
  10 tentacles (Shoals:4)
61 creatures vanquished.

Grand Total: 2504 creatures vanquished

Notes
Turn   | Place    | Note
-------+----------+-------------------------------------------
     0 | D:1      | nuthulu the Gargoyle Fighter began the quest for the Orb.
     0 | D:1      | Reached XP level 1. HP: 14/14 MP: 1/1
   187 | D:1      | Reached XP level 2. HP: 19/19 MP: 2/2
   592 | D:1      | Reached XP level 3. HP: 24/24 MP: 3/3
   596 | D:1      | Reached skill level 4 in Fighting
  1081 | D:2      | Reached XP level 4. HP: 30/30 MP: 4/4
  1101 | D:2      | Found a snail-covered altar of Cheibriados.
  1227 | D:2      | Found a white marble altar of Elyvilon.
  1659 | D:3      | Noticed Terence
  1675 | D:3      | Killed Terence
  1675 | D:3      | Reached XP level 5. HP: 34/34 MP: 5/5
  1683 | D:3      | Found a sparkling altar of Nemelex Xobeh.
  1731 | D:3      | Reached skill level 5 in Fighting
  1752 | D:3      | Noticed Jessica
  1762 | D:3      | Killed Jessica
  1772 | D:3      | Found a burning altar of Makhleb.
  1777 | D:3      | Reached XP level 6. HP: 40/40 MP: 6/6
  1911 | D:3      | Found an ancient bone altar of Kikubaaqudgha.
  2190 | D:3      | Found a runed translucent door.
  2191 | D:3      | Noticed Crazy Yiuf
  2200 | D:3      | Killed Crazy Yiuf
  2200 | D:3      | Reached skill level 6 in Fighting
  2200 | D:3      | Reached skill level 5 in Maces & Flails
  2590 | D:4      | Reached XP level 7. HP: 39/47 MP: 7/7
  2987 | D:4      | Found an opulent altar of Gozag.
  3183 | D:5      | Entered Level 5 of the Dungeon
  3674 | D:5      | Reached skill level 7 in Fighting
  3761 | D:5      | Noticed Sigmund
  3770 | D:5      | Killed Sigmund
  3770 | D:5      | Reached XP level 8. HP: 47/54 MP: 8/8
  4147 | D:5      | Reached skill level 8 in Fighting
  4162 | D:5      | Found a staircase to the Ecumenical Temple.
  4379 | Temple   | Entered the Ecumenical Temple
  4423 | Temple   | Became a worshipper of Warmaster Okawaru
  4715 | D:5      | Found a stormy altar of Qazlal.
  4884 | D:6      | Reached skill level 9 in Fighting
  4930 | D:6      | Reached XP level 9. HP: 60/60 MP: 9/9
  5021 | D:6      | Reached * piety under Okawaru
  5040 | D:6      | Noticed Prince Ribbit
  5601 | D:6      | Killed Prince Ribbit
  5678 | D:6      | Reached skill level 10 in Fighting
  6233 | D:7      | Found Zylimut's Book Shoppe.
  6258 | D:7      | Reached ** piety under Okawaru
  6383 | D:7      | Found a basalt altar of Yredelemnul.
  7284 | D:7      | Reached *** piety under Okawaru
  7530 | D:7      | Reached skill level 11 in Fighting
  7530 | D:7      | Reached XP level 10. HP: 60/69 MP: 8/10
  7762 | D:8      | Reached skill level 10 in Maces & Flails
  7819 | D:8      | Noticed a two-headed ogre
  7844 | D:8      | Killed a two-headed ogre
  7961 | D:8      | Found Zin's Purification Station.
  7961 | D:8      | Found a glowing silver altar of Zin.
  7992 | D:8      | Noticed Psyche
  8009 | D:8      | Killed Psyche
  8555 | D:8      | Reached **** piety under Okawaru
  8595 | D:8      | Reached skill level 12 in Fighting
  8893 | D:9      | Found a shadowy altar of Dithmenos.
  9702 | D:9      | Found a radiant altar of Vehumet.
 10147 | D:9      | Found an ornate altar of the Wu Jian Council.
 10246 | D:9      | Found a sacrificial altar of Ru.
 10417 | D:10     | Entered Level 10 of the Dungeon
 10431 | D:10     | Reached XP level 11. HP: 76/76 MP: 11/11
 10492 | D:10     | Found a staircase to the Lair.
 10492 | D:10     | Noticed a death yak
 10520 | D:10     | Reached ***** piety under Okawaru
 10620 | D:10     | Killed a death yak
 10620 | D:10     | Reached skill level 13 in Fighting
 11302 | D:10     | Got a warped plate armour
 11303 | D:10     | Identified the +10 plate armour of Daisies {Dex+2} (You
                  | found it on level 10 of the Dungeon)
 11454 | D:10     | Received a gift from Okawaru
 12580 | Lair:1   | Entered Level 1 of the Lair of Beasts
 12610 | Lair:1   | Identified the Almanac of Changing and Flames
 12680 | Lair:1   | Reached skill level 1 in Invocations
 12961 | Lair:1   | Noticed an eight-headed hydra
 12984 | Lair:1   | Killed an eight-headed hydra
 13178 | Lair:1   | Reached skill level 5 in Armour
 13274 | Lair:1   | Received a gift from Okawaru
 13303 | Lair:1   | Identified the +7 eveningstar "Cagac" {flame, MP+9 Str-2
                  | Dex+4 SInv} (Okawaru gifted it to you on level 1 of the
                  | Lair of Beasts)
 13666 | Lair:1   | Noticed a seven-headed hydra
 13674 | Lair:1   | Killed a seven-headed hydra
 13674 | Lair:1   | Reached XP level 12. HP: 74/84 MP: 15/15
 13697 | Lair:1   | You fall into a shaft and drop 1 floor!
 13703 | Lair:2   | Reached skill level 5 in Invocations
 14052 | Lair:2   | Noticed a four-headed hydra
 14064 | Lair:2   | Killed a four-headed hydra
 14110 | Lair:2   | Received a gift from Okawaru
 14256 | Lair:2   | Found a staircase to the Shoals.
 14439 | Lair:2   | Reached ****** piety under Okawaru
 14471 | Lair:2   | Found a staircase to the Snake Pit.
 16135 | Lair:4   | Noticed a four-headed hydra
 16147 | Lair:4   | Killed a four-headed hydra
 16304 | Lair:4   | Identified the +3 pair of boots of Responsibility {rC+++
                  | Regen+ Str+4} (You found it on level 4 of the Lair of
                  | Beasts)
 16478 | Lair:5   | Received a gift from Okawaru
 16481 | Lair:5   | Identified the +5 morningstar "Qasurcho" {freeze, Str+3}
                  | (Okawaru gifted it to you on level 5 of the Lair of Beasts)
 16621 | Lair:5   | Found a staircase to the Slime Pits.
 16695 | Lair:5   | Noticed a six-headed hydra
 16701 | Lair:5   | Killed a six-headed hydra
 16701 | Lair:5   | Reached XP level 13. HP: 85/88 MP: 18/18
 17367 | Lair:6   | Entered Level 6 of the Lair of Beasts
 17465 | Lair:6   | Received a gift from Okawaru
 18004 | Lair:6   | Reached skill level 10 in Armour
 18273 | Lair:6   | Reached skill level 10 in Invocations
 18820 | D:11     | Noticed Erolcha
 18825 | D:11     | Killed Erolcha
 18825 | D:11     | Received a gift from Okawaru
 18950 | D:11     | Gained mutation: Your large and strong wings let you fly
                  | indefinitely. [Gargoyle growth]
 18950 | D:11     | Reached XP level 14. HP: 38/94 MP: 21/21
 18992 | D:11     | Found a frozen archway.
 19005 | D:11     | Found a staircase to the Orcish Mines.
 19025 | IceCv    | Entered an ice cave
 19047 | IceCv    | Reached skill level 15 in Maces & Flails
 19166 | IceCv    | Received a gift from Okawaru
 19187 | IceCv    | Noticed a reaper
 19195 | IceCv    | Killed a reaper
 19538 | D:11     | Found Koneapam's General Store.
 19587 | D:11     | Found a roughly hewn altar of Beogh.
 20007 | D:12     | Found Zofrun's Antique Weapon Shop.
 20695 | Orc:1    | Entered Level 1 of the Orcish Mines
 20891 | Orc:1    | You are sucked into a shaft and drop 1 floor!
 20891 | Orc:2    | Entered Level 2 of the Orcish Mines
 20939 | Orc:1    | Received a gift from Okawaru
 21490 | Orc:2    | Reached skill level 5 in Shields
 21634 | Orc:2    | Noticed an orc warlord
 21689 | Orc:2    | Found a staircase to the Elven Halls.
 22110 | Orc:2    | Killed an orc warlord
 22451 | Orc:2    | Received a gift from Okawaru
 22543 | Orc:2    | Found Cooga's Antique Armour Shop.
 22544 | Orc:2    | Found Tiribriast's Antique Weapon Shop.
 22546 | Orc:2    | Found Foph's General Store.
 22546 | Orc:2    | Found Tyum's Jewellery Boutique.
 22607 | Orc:2    | Bought the macabre finger necklace {rN+} for 480 gold
                  | pieces
 22607 | Orc:2    | Found the macabre finger necklace {rN+}
 22619 | Orc:2    | Bought an uncursed ring of protection from fire for 300
                  | gold pieces
 22811 | Snake:1  | Entered Level 1 of the Snake Pit
 22861 | Lair:2   | Reached XP level 15. HP: 64/99 MP: 17/23
 23149 | Snake:1  | Reached skill level 1 in Dodging
 23914 | Snake:2  | Received a gift from Okawaru
 24251 | Snake:2  | Reached skill level 10 in Shields
 24808 | Snake:3  | Received a gift from Okawaru
 25123 | Snake:3  | Reached skill level 5 in Dodging
 25136 | Snake:3  | Reached XP level 16. HP: 93/104 MP: 24/24
 25186 | Snake:3  | Received a gift from Okawaru
 26451 | D:13     | Noticed Josephine
 26465 | D:13     | Killed Josephine
 26474 | D:13     | Found a runed translucent gate.
 26475 | D:13     | Found a runed translucent gate.
 26476 | D:13     | Found a runed translucent gate.
 26477 | D:13     | Noticed Killmatronix's ghost (journeyman OgGl)
 26493 | D:13     | Killed Killmatronix's ghost
 26603 | D:13     | Identified the +8 broad axe "Rozigor" {chaos, rF+ rN+ Str+3
                  | Stlth+}
 26731 | D:13     | Found a gate to the Vaults.
 26736 | D:13     | Received a gift from Okawaru
 27147 | D:14     | Noticed Louise
 27152 | D:14     | Cast into level 2 of the Abyss (Louise)
 27166 | D:14     | Escaped the Abyss
 27174 | D:14     | Killed Louise
 27263 | D:14     | Noticed Frances
 27295 | D:13     | Killed Frances
 27310 | D:14     | Noticed Snorg
 27315 | D:14     | Killed Snorg
 27532 | D:14     | Identified the cursed -3 pair of boots "Nagez" {rF+ Stlth+}
                  | (You found it on level 14 of the Dungeon)
 28002 | D:15     | Entered Level 15 of the Dungeon
 28067 | D:15     | Found a staircase to the Depths.
 28108 | D:15     | Received a gift from Okawaru
 28166 | D:15     | Reached XP level 17. HP: 109/109 MP: 25/25
 28291 | D:15     | Reached skill level 15 in Shields
 28962 | Shoals:1 | Entered Level 1 of the Shoals
 29864 | Shoals:2 | Got a faintly glowing turquoise ring
 29866 | Shoals:2 | Identified the ring of the Bruised Continents {rElec rF++
                  | rC- rN+ Stlth+} (You found it on level 2 of the Shoals)
 30138 | Shoals:2 | Received a gift from Okawaru
 30540 | Shoals:2 | Reached skill level 14 in Fighting
 30838 | Shoals:3 | Received a gift from Okawaru
 31500 | Shoals:3 | Reached skill level 15 in Armour
 31799 | Shoals:4 | Entered Level 4 of the Shoals
 31842 | Shoals:4 | Received a gift from Okawaru
 31931 | Shoals:4 | Reached XP level 18. HP: 101/117 MP: 26/26
 32120 | Shoals:4 | Noticed Ilsuiw
 32248 | Shoals:4 | Killed Ilsuiw
 32354 | Shoals:4 | Received a gift from Okawaru
 32354 | Shoals:4 | Reached skill level 15 in Fighting
 32355 | Shoals:4 | Identified the +5 morningstar "Feuwo" {vorpal, rElec Int+6}
                  | (Okawaru gifted it to you on level 4 of the Shoals)
 32389 | Shoals:4 | Got a barnacled rune of Zot
 32408 | Shoals:4 | Upgraded the game from 0.25-a0-448-g1f46b9f714 to
                  | 0.25-a0-458-g6fc7858b95
 32712 | Shoals:4 | Identified the +8 chain mail of Gluttony {Str+3 Int+3
                  | Stlth+}
 32893 | Shoals:4 | Received a gift from Okawaru
 32902 | Shoals:4 | Identified the +0 shield of Dokkug {Str+5} (Okawaru gifted
                  | it to you on level 4 of the Shoals)
 33255 | Shoals:4 | Noticed Bai Suzhen
 33277 | Shoals:4 | Killed Bai Suzhen
 33765 | Snake:4  | Entered Level 4 of the Snake Pit
 33982 | Snake:4  | Found Osar's Distillery.
 34104 | Snake:4  | Noticed Vashnia
 34235 | Snake:4  | Killed Vashnia
 34622 | Snake:4  | Received a gift from Okawaru
 34816 | Snake:4  | Reached skill level 16 in Fighting
 34906 | Snake:4  | Reached XP level 19. HP: 125/125 MP: 27/27
 35172 | Snake:4  | Got a serpentine rune of Zot
 35601 | Vaults:1 | Entered Level 1 of the Vaults
 35735 | Vaults:1 | Found Cefon's Assorted Antiques.
 35760 | Vaults:1 | Bought a potion of heal wounds for 190 gold pieces
 35825 | Vaults:1 | Received a gift from Okawaru
 35828 | Vaults:1 | Identified the +1 demon whip "Newtslayer" {venom, rC++
                  | Str+6} (Okawaru gifted it to you on level 1 of the Vaults)
 35865 | Vaults:1 | Found Hacwic's Book Shoppe.
 35909 | Vaults:1 | Bought a manual of Shields for 1876 gold pieces
 36546 | Vaults:1 | Received a gift from Okawaru
 36549 | Vaults:1 | Identified the +2 pair of gloves of the Gloaming {rElec
                  | rF+} (Okawaru gifted it to you on level 1 of the Vaults)
 36610 | Vaults:1 | Found Bucimu's Assorted Antiques.
 36625 | Vaults:1 | Bought a potion of heal wounds for 155 gold pieces
 37044 | Vaults:1 | Found Alepn's Antique Armour Shop.
 37579 | Vaults:2 | Noticed Jory
 37602 | Vaults:2 | Killed Jory
 37826 | Vaults:2 | Noticed Aizul
 37840 | Vaults:2 | Killed Aizul
 37888 | Vaults:2 | Reached XP level 20. HP: 120/132 MP: 28/28
 37929 | Vaults:2 | Received a gift from Okawaru
 37946 | Vaults:2 | Identified a +2 pair of boots of running (Okawaru gifted it
                  | to you on level 2 of the Vaults)
 37959 | Vaults:2 | Found a staircase to the Crypt.
 38015 | Vaults:2 | Noticed Saint Roka
 38167 | Vaults:2 | Killed Saint Roka
 39188 | Vaults:2 | Received a gift from Okawaru
 39379 | Vaults:3 | Noticed Nikola
 39388 | Vaults:3 | Killed Nikola
 39524 | Vaults:3 | Noticed Donald
 39549 | Vaults:3 | Killed Donald
 39801 | Vaults:3 | Received a gift from Okawaru
 40269 | Vaults:3 | Noticed Margery
 40311 | Vaults:3 | Killed Margery
 40363 | Vaults:3 | Reached XP level 21. HP: 132/137 MP: 29/29
 41250 | Vaults:4 | Received a gift from Okawaru
 41607 | Vaults:4 | Identified the Papyrus of the Blistering Rocks
 42160 | Vaults:4 | Received a gift from Okawaru
 42276 | Vaults:4 | Received a gift from Okawaru
 42948 | Depths:1 | Entered Level 1 of the Depths
 43253 | Depths:1 | Found a one-way gate to the infinite horrors of the Abyss.
 43314 | Depths:1 | Found a gateway to a ziggurat.
 43317 | Depths:1 | You are sucked into a shaft and drop 1 floor!
 43317 | Depths:2 | Found a gateway to Hell.
 43772 | Depths:1 | You are sucked into a shaft and drop 1 floor!
 43893 | Depths:2 | Received a gift from Okawaru
 43901 | Depths:2 | Reached XP level 22. HP: 131/144 MP: 31/31
 44190 | Depths:2 | Cast into level 4 of the Abyss (a lich)
 44190 | Abyss:4  | Found a corrupted altar of Lugonu.
 44190 | Abyss:4  | Found a transporter.
 44335 | Abyss:4  | Found a transporter.
 44340 | Abyss:4  | Found a transporter.
 44342 | Abyss:4  | Got an abyssal rune of Zot
 44351 | Abyss:4  | Found a corrupted altar of Lugonu.
 44358 | Abyss:4  | Reached skill level 10 in Dodging
 44362 | Depths:2 | Escaped the Abyss
 44764 | Depths:2 | Received a gift from Okawaru
 44866 | Depths:2 | Found a runed translucent gate.
 44866 | Depths:2 | Noticed an ancient lich
 44870 | Depths:2 | Noticed Ymuik's ghost (journeyman SpBe)
 44872 | Depths:2 | Noticed Quigu Zupne's ghost (journeyman SpBe)
 44877 | Depths:2 | Noticed bmfx's ghost (veteran OgAE)
 44981 | Depths:2 | Found a runed translucent gate.
 44981 | Depths:2 | Found an ancient bone altar of Kikubaaqudgha.
 44983 | Depths:2 | Found a runed translucent gate.
 45005 | Depths:2 | Killed an ancient lich
 45024 | Depths:2 | Killed Ymuik's ghost
 45026 | Depths:2 | Killed Quigu Zupne's ghost
 45053 | Depths:2 | Killed bmfx's ghost
 45076 | Depths:2 | Identified Kikubaaqudgha's Papyrus of Black Rites
 45087 | Depths:2 | Identified the +0 hat of Caphed {rF+} (You found it on
                  | level 2 of the Depths)
 45092 | Depths:2 | Identified the ring "Hero's Friend" {+Fly rF+ rC+} (You
                  | found it on level 2 of the Depths)
 45230 | Depths:2 | Found a one-way gate leading to the halls of Pandemonium.
 45659 | Depths:2 | Reached skill level 15 in Invocations
 45668 | Depths:2 | Reached XP level 23. HP: 148/148 MP: 34/34
 45704 | Depths:2 | Identified the +6 morningstar of Wisdom {vorpal, rF- rN+
                  | Int+2}
 45736 | Depths:2 | Found a snail-covered altar of Cheibriados.
 45904 | Depths:3 | Found a gateway to a bazaar.
 45929 | Bazaar   | Entered a bazaar
 45929 | Bazaar   | Found Qoqemp's Weapon Shoppe.
 45929 | Bazaar   | Found Cugicet's Jewellery Shoppe.
 45929 | Bazaar   | Found Cylen's Gadget Emporium.
 45929 | Bazaar   | Found Luollip's Weapon Emporium.
 45929 | Bazaar   | Found Josas's Assorted Antiques.
 45950 | Bazaar   | Bought a scroll of fog for 48 gold pieces
 46130 | Depths:3 | Received a gift from Okawaru
 46454 | Depths:3 | Received a gift from Okawaru
 46996 | Depths:4 | Found Fioheop's Gadget Shop.
 47332 | Depths:4 | Received a gift from Okawaru
 47572 | Depths:4 | Noticed Frederick
 47594 | Depths:4 | Killed Frederick
 47670 | Depths:4 | Found the +7 lajatang of Order {silver, rMut}
 48011 | Depths:4 | Noticed a caustic shrike
 48017 | Depths:4 | Killed a caustic shrike
 48206 | Depths:4 | Received a gift from Okawaru
 48232 | Depths:4 | Noticed a golden dragon
 48247 | Depths:4 | Killed a golden dragon
 48342 | Depths:4 | Reached XP level 24. HP: 138/154 MP: 35/35
 48345 | Depths:4 | Identified the +4 battleaxe "Naulirch" {freeze, Dex+3}
 48406 | Depths:4 | Received a gift from Okawaru
 48532 | Depths:4 | Received a gift from Okawaru
 48777 | Depths:4 | Reached skill level 17 in Fighting
 49064 | Depths:4 | Identified the ring "Docim" {Ice Int+4}
 49432 | Depths:5 | Entered Level 5 of the Depths
 49533 | Depths:5 | Received a gift from Okawaru
 49598 | Depths:5 | Noticed a juggernaut
 49736 | Depths:4 | Killed a juggernaut
 50068 | Depths:5 | Reached skill level 15 in Dodging
 50192 | Depths:5 | Paralysed by a vampire knight for 6 turns
 50316 | Depths:5 | Received a gift from Okawaru
 50397 | Depths:5 | Reached skill level 18 in Fighting
 50942 | Depths:5 | Reached XP level 25. HP: 145/163 MP: 36/36
 50982 | Depths:5 | Found a gate to the Realm of Zot.
 51592 | Vaults:5 | Entered Level 5 of the Vaults
 51864 | Vaults:5 | Noticed Xtahua
 51991 | Vaults:4 | Reached skill level 19 in Fighting
 52098 | Vaults:4 | Received a gift from Okawaru
 52101 | Vaults:4 | Identified the +0 plate armour of the Catfish {rPois rF+
                  | rN+} (Okawaru gifted it to you on level 4 of the Vaults)
 52173 | Vaults:4 | Killed Xtahua
 53065 | Vaults:5 | Identified the Almanac of Self-Improvement
 53117 | Vaults:5 | Got a silver rune of Zot
 53118 | Vaults:5 | Identified the Papyrus of the Escort
 53178 | Vaults:5 | Identified the +7 war axe of Fate {venom, MR+ SInv Stlth-}
 53201 | Vaults:5 | Reached skill level 20 in Fighting
 53394 | Vaults:5 | Identified the ring "Etrad" {rElec rC- MR+ Dex+6 SInv}
 53471 | Vaults:5 | Noticed Mara
 53484 | Vaults:5 | Killed Mara
 53516 | Vaults:5 | Identified a scroll of acquirement
 53666 | Vaults:5 | Received a gift from Okawaru
 53671 | Vaults:5 | Reached XP level 26. HP: 89/174 MP: 36/36
 53969 | Vaults:5 | Identified the Collected Works on Ensnaring Envenoming
 53980 | Vaults:5 | Identified the Handbook of Enthralling Intoxication
 53983 | Vaults:5 | Identified the amulet "Akhluj" {Faith +Fly} (You found it
                  | on level 5 of the Vaults)
 54231 | Vaults:5 | Found the +6 shillelagh "Devastator" {shatter}
 54384 | Vaults:5 | Identified Sif Muna's Reference Book on the Compass and the
                  | Snowflakes
 54835 | Slime:1  | Entered Level 1 of the Pits of Slime
 54957 | Slime:2  | Gained mutation: You are weak. (Str -2) [a shining eye]
 55119 | Slime:4  | Gained mutation: You are occasionally teleported next to
                  | monsters. [a shining eye]
 55138 | Slime:3  | Lost mutation: You are weak. (Str -2) [potion of mutation]
 55138 | Slime:3  | Gained mutation: You are partially covered in large bone
                  | plates. (SH +4) [potion of mutation]
 55138 | Slime:3  | Gained mutation: You are agile. (Dex +2) [potion of
                  | mutation]
 55138 | Slime:3  | Gained mutation: You expend magic power (3 MP) to
                  | strengthen your wands. [potion of mutation]
 55139 | Slime:3  | Lost mutation: You are partially covered in large bone
                  | plates. (SH +4) [potion of mutation]
 55139 | Slime:3  | Lost mutation: You expend magic power (3 MP) to strengthen
                  | your wands. [potion of mutation]
 55139 | Slime:3  | Lost mutation: You are agile. (Dex +2) [potion of mutation]
 55139 | Slime:3  | Lost mutation: You are occasionally teleported next to
                  | monsters. [potion of mutation]
 55139 | Slime:3  | Gained mutation: Your spells are a little easier to cast,
                  | but a little less powerful. [potion of mutation]
 55139 | Slime:3  | Gained mutation: Your mind is acute. (Int +2) [potion of
                  | mutation]
 55183 | Slime:5  | Entered Level 5 of the Pits of Slime
 55244 | Slime:5  | Reached skill level 21 in Fighting
 55298 | Slime:5  | Noticed the Royal Jelly
 55314 | Slime:5  | Found a viscous altar of Jiyva.
 55332 | Slime:5  | Received a gift from Okawaru
 56001 | Slime:5  | Killed the Royal Jelly
 56477 | Slime:5  | Identified the ring "Evimmodd" {rPois MR++} (You found it
                  | on level 5 of the Pits of Slime)
 56487 | Slime:5  | Identified Merol's Handbook of Supportive Enchantment
 56515 | Slime:5  | Identified the Compendium of the Lucky Frostbite
 56518 | Slime:5  | Got a slimy rune of Zot
 56519 | Slime:5  | Identified Hociump's Guide on Toxins and Benedictions
 56581 | Slime:5  | Identified the +0 plate armour "Xos Mann" {*Drain rN+
                  | Int+4} (You found it on level 5 of the Pits of Slime)
 56888 | Temple   | Fell from the grace of Okawaru
 56888 | Temple   | Became a worshipper of the Shining One
 57190 | Crypt:1  | Entered Level 1 of the Crypt
 57224 | Crypt:1  | Reached * piety under the Shining One
 57662 | Crypt:1  | Reached ** piety under the Shining One
 57933 | Crypt:1  | Reached *** piety under the Shining One
 58312 | Crypt:1  | Reached **** piety under the Shining One
 58378 | Crypt:1  | Identified the ring of Naaqo {rF- rC+++ MP+9 Slay+4 Stlth+}
                  | (You acquired it on level 1 of the Crypt)
 58643 | Crypt:2  | Reached ***** piety under the Shining One
 58756 | Crypt:2  | Reached skill level 22 in Fighting
 59041 | Crypt:2  | Reached XP level 27. HP: 184/184 MP: 36/36
 59300 | Crypt:3  | Entered Level 3 of the Crypt
 59340 | Crypt:3  | Found a staircase to the Tomb.
 59367 | Crypt:3  | Reached ****** piety under the Shining One
 59370 | Crypt:3  | Identified a +9 sacred scourge of holy wrath (a +9 demon
                  | whip of electrocution blessed by the Shining One)
 59370 | Crypt:3  | Received a gift from the Shining One
 59814 | Crypt:3  | Found a basalt altar of Yredelemnul.
 59877 | Crypt:3  | Identified the ring of Temptation {rF+ Int+3} (You found it
                  | on level 3 of the Crypt)
 60066 | Crypt:3  | Found the +7 great mace "Undeadhunter" {disrupt, rN+}
 60076 | Crypt:3  | Got a smoking steel ring
 60076 | Crypt:3  | Got a crude platinum ring
 60105 | Crypt:3  | Identified the ring "Setixt" {*Tele rElec rN+++ Int-5
                  | Slay-2}
 60714 | Tomb:1   | Entered Level 1 of the Tomb of the Ancients
 60929 | Vaults:1 | Bought a scroll of identify for 62 gold pieces
 60929 | Vaults:1 | Bought a scroll of identify for 62 gold pieces
 60929 | Vaults:1 | Identified the ring "Rez Toud" {rN+ Int+8} (You found it on
                  | level 3 of the Crypt)
 60930 | Vaults:1 | Identified the ring of Brilliance {rPois rN+ Int+7 SInv
                  | Stlth-} (You found it on level 3 of the Crypt)
 61361 | Tomb:1   | Reached skill level 23 in Fighting
 61386 | Tomb:1   | Noticed a greater mummy
 61425 | Tomb:1   | Killed a greater mummy
 61521 | Tomb:1   | Noticed a greater mummy
 61534 | Tomb:1   | Killed a greater mummy
 61536 | Tomb:1   | Noticed a greater mummy
 61552 | Tomb:1   | Killed a greater mummy
 61802 | Tomb:2   | Noticed Khufu
 61803 | Tomb:2   | Noticed a greater mummy
 61805 | Tomb:2   | Noticed a greater mummy
 61806 | Tomb:2   | Noticed a greater mummy
 61807 | Tomb:2   | Noticed a greater mummy
 61807 | Tomb:2   | Noticed a greater mummy
 61808 | Tomb:2   | Noticed a greater mummy
 61845 | Tomb:2   | Gained mutation: Your magical capacity is low. (-10% MP) [a
                  | Zot trap]
 61847 | Tomb:2   | HP: 6/188 [death scarab[a greater mummy] (4)]
 61856 | Tomb:2   | Killed a greater mummy
 61856 | Tomb:2   | HP: 3/188 [Khufu/divine providence (11)]
 61863 | Tomb:2   | Killed a greater mummy
 61863 | Tomb:2   | Killed Khufu
 61868 | Tomb:2   | HP: 9/189 [??? (1)]
 61874 | Tomb:2   | HP: 4/189 [mummy priest/divine providence (8)]
 61876 | Tomb:2   | Killed a greater mummy
 61880 | Tomb:2   | Mangled by a reaper

Levels and vault maps discovered:
D:1:      psy_arrival_spokes, layout_basic
D:2:      layout_loops_ring, elyvilon_altar_4, lemuel_doored_altar,
          minmay_lizard_pond
D:3:      layout_rooms, lemuel_crystal_altar, kennysheep_vampire_church,
          makhleb_grotto_becter, uniq_jessica, uniq_crazy_yiuf_cottage,
          uniq_terence
D:4:      layout_loops_ring, grunt_gozag_statues
D:5:      kennysheep_kobold_camp, layout_cave_pools, lemuel_crystal_altar,
          minmay_temple_entry_statues_pillars, first_ration, uniq_sigmund
D:6:      layout_layer_cave, uniq_prince_ribbit1
D:7:      layout_basic, lemuel_mausoleum_altar_yredelemnul, serial_shops,
          nicolae_shop_competitors_out_of_business
D:8:      layout_loops_cross, zin_purify, uniq_psyche
D:9:      layout_loops_ring, nicolae_dithmenos_the_darkroom, vehumet_crystals,
          lemuel_coloured_pillars_altar, kennysheep_mini
D:10:     layout_layer_cave, david_lair_generic, hangedman_little_slice_of_home,
          chequers_big_river
D:11:     layout_irregular_city, minmay_orc_entry_temple_small, serial_shops,
          shop, portal_ice_cave_entry_pillars_1, uniq_erolcha
D:12:     layout_loops_ring, serial_shops, nicolae_shop_behind_doors
D:13:     minmay_ambush_box, layout_gridville, david_vaults_5,
          ebering_ghost_rock_garden, hangedman_devilish_allure, uniq_josephine
D:14:     layout_irregular_city, uniq_frances, uniq_louise, uniq_snorg
D:15:     grunt_enter_depths_giant_problem, layout_loops_ring, nrook_campfire,
          hangedman_decor_peaks_small
Temple:   jpeg_temple_island
Lair:1:   layout_misc_corridors
Lair:2:   layout_roguey, elwin_shoals_entry_rocks,
          minmay_snake_entry_spellcaster
Lair:3:   layout_loops_ring, serial_forest, infiniplex_forest_diagonal,
          infiniplex_forest_clump_curved, infiniplex_forest_straight_1,
          infiniplex_forest_3_way, infiniplex_forest_corner_1,
          infiniplex_forest_side_room, infiniplex_forest_straight_3,
          infiniplex_forest_lined_room_2, infiniplex_forest_clump_small,
          infiniplex_forest_clump_diagonal
Lair:4:   layout_regular_city
Lair:5:   layout_small_grid, slime_dummy
Lair:6:   evilmike_catoblepas_cave, layout_regular_city,
          chequers_serial_rivers_micro_c, minmay_lindwurm_lava,
          lemuel_fruit_fields
Shoals:1: layout_shoals, nicolae_shoals_arrival_archipelago
Shoals:2: layout_shoals
Shoals:3: layout_shoals
Shoals:4: shoals_end_hangedman, layout_shoals, shoal_ilsuiw, uniq_bai_suzhen
Snake:1:  layout_cave_shapes
Snake:2:  layout_grid_shapes, serial_bayou_shore_a, lemuel_fruit_tree
Snake:3:  layout_misc_corridors, nicolae_snake_serpentine_hallways,
          nicolae_snake_biting_tails, drop_trap, serial_bayou_shore_b
Snake:4:  minmay_snake_end_coiled, layout_cave_town, serial_shops,
          nicolae_shop_stone, serial_bayou_shore_b, uniq_vashnia
Slime:1:  layout_caves
Slime:2:  layout_caves
Slime:3:  layout_caves, nicolae_slime_round_cave
Slime:4:  layout_caves
Slime:5
Orc:1:    layout_caves
Orc:2:    st_orc_congregation, layout_diamond_mine
Vaults:1: nicolae_vaults_little_squares_1, nicolae_vaults_ring_of_whatevers,
          grunt_vaults_hallway_long, ontoclasm_vaults_ring_small, v_rooms_1,
          v_misc_30, dpeg_vaults_monster_box, ontoclasm_vaults_ligature,
          v_pattern_2, v_misc_16, hangedman_vaults_maws, v_misc_1,
          vaults_room_semicircle, nicolae_vaults_little_squares_4,
          layout_vaults_maze_snakey, serial_shops, shop, shop,
          nicolae_shop_behind_doors, shop_coins
Vaults:2: nicolae_vaults_gold_heap, v_misc_30,
          minmay_crypt_entry_simple_corners, ontoclasm_vaults_bender,
          v_alt_pattern_2, nicolae_vaults_circle_grid_a, hangedman_vaults_trim,
          nicolae_vaults_twisting_passages, v_misc_16, hangedman_vaults_locks,
          grunt_vaults_swirl, nicolae_vaults_statue_guard,
          layout_vaults_omnibox, uniq_aizul, uniq_saint_roka, uniq_jory
Vaults:3: vaults_mumra_lcd, hangedman_vaults_corner,
          nicolae_vaults_angled_halls, v_misc_28, v_misc_15,
          nicolae_vaults_little_squares_4, vaults_room_ringed_pool,
          nicolae_vaults_mini_display_case, nicolae_vaults_theta,
          layout_vaults_chaotic_city, uniq_nikola, uniq_margery, uniq_donald
Vaults:4: vaults_standard_mumra_lines, ontoclasm_vaults_shuriken,
          ontoclasm_vaults_ring_square, v_misc_14,
          nicolae_vaults_big_angled_halls, v_pattern_4,
          nicolae_vaults_hallways_thing, dpeg_vaults_monster_row, v_misc_33,
          ontoclasm_vaults_chip, nicolae_vaults_border_crossing,
          nicolae_vaults_little_squares_6, nicolae_vaults_rhombus_5,
          grunt_vaults_hallway_short, layout_vaults_omnicross
Vaults:5: serial_shops, uniq_xtahua, uniq_mara
Crypt:1:  layout_chaotic_city, moated_statue, st_small_mortuary,
          grunt_crypt_arrival_guarded_gate, grunt_megastairs_2
Crypt:2:  layout_misc_corridors, serial_glass, glass_columns_a, glass_columns_a,
          grunt_ministairs_11
Crypt:3:  church_of_pain_bobbens, layout_chaotic_city
Tomb:1
Tomb:2:   uniq_khufu
Depths:1: layout_gridville, enter_ziggurat_c, abyss_entry,
          grunt_hell_entry_dis_mu, water_boxes_lemuel
Depths:2: pf_snail_temple, layout_cave_pools, hell_entry, gammafunk_ghost_crypt,
          rand_demon_pan_entry_5
Depths:3: cheibrodos_poisonous_passages, layout_basic,
          hangedman_tar_grid_catacomb, serial_shops, freezing_bzr, pan_entry,
          kennysheep_pointless_box, minmay_misc_feat_rugged
Depths:4: minmay_the_grid_square_5x5_5x5_mashed
          [minmay_the_grid_square_5x5_almost_minimal,
          minmay_the_grid_square_5x5_mess,
          minmay_the_grid_square_5x5_spiral_small,
          minmay_the_grid_square_5x5_bite, minmay_the_grid_square_5x5_inner_i,
          minmay_the_grid_square_5x5_bridge,
          minmay_the_grid_square_5x5_prize_pseudospiral,
          minmay_the_grid_square_5x5_z, minmay_the_grid_square_5x5_prize_itemx,
          minmay_the_grid_square_5x5_one_wall,
          minmay_the_grid_square_5x5_dogpile,
          minmay_the_grid_square_5x5_fancy_junction,
          minmay_the_grid_square_5x5_prize_open,
          minmay_the_grid_square_5x5_beaten_path,
          minmay_the_grid_square_5x5_three_small,
          minmay_the_grid_square_5x5_gyroscope,
          minmay_the_grid_square_5x5_prize_deathbox,
          minmay_the_grid_square_5x5_eight,
          minmay_the_grid_square_5x5_prize_waves,
          minmay_the_grid_square_5x5_tie, minmay_the_grid_square_5x5_three,
          minmay_the_grid_square_5x5_tetrominoes,
          minmay_the_grid_square_5x5_n_small,
          minmay_the_grid_square_5x5_longway,
          minmay_the_grid_square_5x5_percent], layout_basic, hell_entry,
          rand_demon_pan_entry_4, abyss_entry, serial_shops, shop, drop_trap,
          infiniplex_staircase_zigzag_3, uniq_frederick
Depths:5: grunt_zot_entry_bicorn, layout_basic, grunt_pan_entry_zigzag,
          serial_sigils, serial_sigils_hangedman_etch,
          serial_sigils_hangedman_stare, serial_sigils_hangedman_gnaw,
          serial_sigils_hangedman_shear, roderic_roman_lattice, hell_entry,
          grunt_ministairs_6

Skill      XL: |  1  2  3  4  5  6  7  8  9 10 11 12 13 14 15 16 17 18 19 20 21 22 23 24 25 26 27 |
---------------+----------------------------------------------------------------------------------+-----
Fighting       | 4 5 6 7 9 11 12 13 14 16 18 20 22 23 | 23.8
Maces & Flails | 3 4 5 6 8 9 11 12 13 14 15 16 | 16.0
Invocations    | 4 7 10 11 12 15 17 18 20 | 20.2
Armour         | 6 8 10 12 15 17 19 21 22 | 22.6
Shields        | 6 11 14 15 16 18 20 | 20.4
Dodging        | 5 7 9 11 13 15 16 18 | 18.5

Action                   |  1- 3 |  4- 6 |  7- 9 | 10-12 | 13-15 | 16-18 | 19-21 | 22-24 | 25-27 || total
-------------------------+-------+-------+-------+-------+-------+-------+-------+-------+-------++-------
Melee: Flail             |   138 |   203 |   436 |   821 |       |       |       |       |       ||  1598
       Eveningstar       |       |       |       |   160 |  1052 |  1432 |  1662 |  1746 |  1488 ||  7540
       Morningstar       |       |       |       |       |    38 |       |       |       |       ||    38
       Sacred scourge    |       |       |       |       |       |       |       |       |   611 ||   611
Throw: Throwing net      |       |       |       |     2 |       |       |       |       |     1 ||     3
Invok: Heroism           |       |       |       |     9 |     8 |     8 |     7 |    15 |    13 ||    60
       Finesse           |       |       |       |       |     5 |     4 |     6 |    15 |    13 ||    43
       Divine Shield     |       |       |       |       |       |       |       |       |     2 ||     2
       Cleansing Flame   |       |       |       |       |       |       |       |       |    55 ||    55
       Summon Divine War |       |       |       |       |       |       |       |       |     2 ||     2
       Brand Weapon With |       |       |       |       |       |       |       |       |     1 ||     1
 Abil: Fly               |       |       |       |       |     1 |       |       |       |       ||     1
Evoke: Wand              |       |       |       |       |       |     1 |       |       |       ||     1
  Use: Scroll            |     9 |     6 |     4 |    13 |     7 |    10 |    13 |     7 |    28 ||    97
       Potion            |       |     1 |     2 |     1 |     4 |       |     2 |     8 |    31 ||    49
 Stab: Held in net/web   |       |       |       |     2 |       |       |       |       |       ||     2
       Petrifying        |       |       |       |       |       |       |       |     1 |       ||     1
  Eat: Chunk             |     1 |     5 |    10 |    13 |     4 |     8 |    10 |     4 |     3 ||    58
       Ration            |       |       |     2 |     5 |     7 |     8 |     5 |     6 |    12 ||    45
Armor: Scale mail        |    97 |   166 |   200 |   255 |       |       |       |       |       ||   718
       Plate armour      |       |       |       |   446 |   833 |   777 |   639 |   726 |   794 ||  4215
       Gold dragon scale |       |       |       |       |       |       |       |       |   475 ||   475
Dodge: Dodged            |    56 |    89 |    93 |   196 |   280 |   561 |   557 |   732 |  1543 ||  4107
Block: Shield            |   109 |   135 |   194 |   432 |   705 |  1186 |  1186 |  1274 |  2114 ||  7335

Table legend:
 A = Non-vault XP
 B = Vault XP
 C = Vault XP percentage of total XP
 D = Non-vault monster count
 E = Vault monster count
 F = Vault count percentage of total count
                 A         B        C        D         E       F
            +---------+---------+-------+---------+---------+-------
      Total |  700496 |  731140 |  51.1 |    1514 |     805 |  34.7
            +---------+---------+-------+---------+---------+-------
        D:1 |      55 |       0 |   0.0 |      25 |       0 |   0.0
        D:2 |      60 |       4 |   6.2 |      19 |       4 |  17.4
        D:3 |     111 |     284 |  71.9 |      16 |      13 |  44.8
        D:4 |     393 |       0 |   0.0 |      16 |       0 |   0.0
        D:5 |     861 |     357 |  29.3 |      17 |      22 |  56.4
        D:6 |     792 |     274 |  25.7 |      22 |       1 |   4.3
        D:7 |     789 |     725 |  47.9 |      18 |      12 |  40.0
        D:8 |    2089 |     439 |  17.4 |      27 |       1 |   3.6
        D:9 |    1939 |       0 |   0.0 |      44 |       0 |   0.0
       D:10 |    1795 |    1564 |  46.6 |      38 |      12 |  24.0
       D:11 |    3787 |    1218 |  24.3 |      24 |       9 |  27.3
       D:12 |    6409 |       0 |   0.0 |      42 |       0 |   0.0
       D:13 |   14912 |   11770 |  44.1 |      63 |      17 |  21.2
       D:14 |   13000 |    2648 |  16.9 |      52 |       2 |   3.7
       D:15 |   11386 |    1789 |  13.6 |      18 |       1 |   5.3
     Lair:1 |    7223 |       0 |   0.0 |      26 |       0 |   0.0
     Lair:2 |    5385 |     484 |   8.2 |      19 |       1 |   5.0
     Lair:3 |    1231 |       0 |   0.0 |       8 |       0 |   0.0
     Lair:4 |    2859 |       0 |   0.0 |       8 |       0 |   0.0
     Lair:5 |    4115 |       0 |   0.0 |      10 |       0 |   0.0
     Lair:6 |    5094 |   11535 |  69.4 |      17 |      23 |  57.5
   Shoals:1 |    7249 |       0 |   0.0 |      15 |       0 |   0.0
   Shoals:2 |   17211 |       0 |   0.0 |      33 |       0 |   0.0
   Shoals:3 |   20637 |       0 |   0.0 |      41 |       0 |   0.0
   Shoals:4 |   13614 |   31548 |  69.9 |      30 |      35 |  53.8
    Snake:1 |   13744 |       0 |   0.0 |      29 |       0 |   0.0
    Snake:2 |   18336 |       0 |   0.0 |      35 |       0 |   0.0
    Snake:3 |   18481 |       0 |   0.0 |      39 |       0 |   0.0
    Snake:4 |   10879 |   35319 |  76.5 |      20 |      44 |  68.8
    Slime:1 |    8216 |       0 |   0.0 |      17 |       0 |   0.0
    Slime:2 |    2414 |       0 |   0.0 |       7 |       0 |   0.0
    Slime:3 |   12949 |       0 |   0.0 |      16 |       0 |   0.0
    Slime:4 |   10141 |    5244 |  34.1 |      10 |       3 |  23.1
    Slime:5 |   13859 |   31319 |  69.3 |      15 |      12 |  44.4
      Orc:1 |    5201 |       0 |   0.0 |      31 |       0 |   0.0
      Orc:2 |    2424 |   10819 |  81.7 |      32 |      62 |  66.0
   Vaults:1 |   30990 |   16605 |  34.9 |      53 |      35 |  39.8
   Vaults:2 |   50100 |   27513 |  35.4 |      76 |      40 |  34.5
   Vaults:3 |   29458 |   20890 |  41.5 |      64 |      18 |  22.0
   Vaults:4 |   31777 |   89443 |  73.8 |      44 |      80 |  64.5
   Vaults:5 |    3763 |   85369 |  95.8 |       6 |      48 |  88.9
    Crypt:1 |   20046 |    5266 |  20.8 |      37 |       5 |  11.9
    Crypt:2 |   17011 |   10564 |  38.3 |      22 |       8 |  26.7
    Crypt:3 |   21085 |   53636 |  71.8 |      25 |      73 |  74.5
     Tomb:1 |    5626 |   41387 |  88.0 |      14 |      26 |  65.0
     Tomb:2 |    5153 |   41915 |  89.1 |      16 |      23 |  59.0
   Depths:1 |   36054 |      39 |   0.1 |      60 |       1 |   1.6
   Depths:2 |   42736 |   61962 |  59.2 |      52 |      53 |  50.5
   Depths:3 |   38021 |       0 |   0.0 |      43 |       0 |   0.0
   Depths:4 |   65840 |   84561 |  56.2 |      63 |      55 |  46.6
   Depths:5 |   38620 |   27699 |  41.8 |      37 |      31 |  45.6
    Abyss:4 |    4576 |   12077 |  72.5 |       3 |      11 |  78.6
      IceCv |       0 |    4874 | 100.0 |       0 |      24 | 100.0
            +---------+---------+-------+---------+---------+-------
